 Dungeon Crawl Stone Soup version 0.23.2-30-g0e89c35649 (webtiles) character file.

Game seed: 10809615618610378901

174 Ultrapingouin the Covered (level 5, 0/33 HPs)
             Began as a Gargoyle Fighter on June 18, 2019.
             Slain by an orc priest
             ... wielding a +0 mace
              (2 damage)
             ... on level 3 of the Dungeon.
             The game lasted 00:12:03 (1674 turns).

Ultrapingouin the Covered (Gargoyle Fighter)        Turns: 1674, Time: 00:12:04

Health: 0/33       AC:  9    Str: 20    XL:     5   Next: 54%
Magic:  5/5        EV:  8    Int:  9    God:
Gold:   146        SH:  9    Dex:  9    Spells: 4/4 levels left

rFire    . . .     SeeInvis .   i - +0 mace
rCold    . . .     Gourm    .   c - +0 shield
rNeg     + . .     Faith    .   p - +0 ring mail
rPois    ∞         Spirit   .   (no helmet)
rElec    +         Reflect  .   (no cloak)
rCorr    .         Harm     .   (no gloves)
MR       .....                  (no boots)
Stlth    ..........             (no amulet)
HPRegen  0.11/turn              (no ring)
MPRegen  0.09/turn              (no ring)

@: no status effects
A: negative energy resistance 1, electricity resistance, unbreathing,
petrification resistance, rot immunity, AC +4
a: no special abilities


You were on level 3 of the Dungeon.
You were not hungry.

You visited 1 branch of the dungeon, and saw 3 of its levels.

You collected 146 gold pieces.

Inventory:

Hand Weapons
 a - a +0 flail
 e - a +0 club
 g - a +0 club
 i - a +0 mace (weapon)
 j - a +0 dagger
 m - a +0 dagger
 s - a +0 spear
 v - a +0 falchion
 w - a +0 mace
 x - a +0 giant spiked club
 z - a cursed -3 club
 A - a +0 long sword
Missiles
 h - a stone (quivered)
 l - 18 bolts
 o - 58 arrows
 t - 12 poisoned needles
Armour
 b - a +0 scale mail
 c - a +0 shield (worn)
 p - a +0 ring mail (worn)
 r - a cursed -1 robe
 y - a cursed +0 leather armour
 B - a +1 cloak of magic resistance
Scrolls
 f - a scroll of fear {unknown}
 n - 2 scrolls of identify {unknown}
 q - a scroll of enchant armour {unknown}
Potions
 d - 2 potions of might
 k - a potion of curing {unknown}
Comestibles
 u - 3 rations


   Skills:
 + Level 4.0 Fighting
 + Level 3.6 Maces & Flails
 + Level 4.1 Armour
 + Level 1.1 Dodging
 + Level 0.1 Stealth
 + Level 4.0 Shields


You had 4 spell levels left.
You didn't know any spells.
Your spell library was empty.

Dungeon Overview and Level Annotations

Branches:
Dungeon (3/15)

Altars:


Innate Abilities, Weirdness & Mutations

You are resistant to torment.
Your stone body is resilient. (AC +4)
You are immune to poison.
You resist negative energy. (rN+)
You are resistant to electric shocks. (rElec)
You can survive without breathing.
You are immune to petrification.
You are immune to rotting.


Message History

You closely miss the orc priest.
The orc priest calls down the wrath of Beogh upon you.
You barely resist.
You hear some strange, mumbled words.
You are confused.
You're too confused to move!
The orc priest hits you but does no damage.
Something hits you but does no damage.
You hit the orc priest but do no damage.
The orc priest calls down the wrath of Beogh upon you.
Beogh smites you!
* * * LOW HITPOINT WARNING * * *
You closely miss the orc priest. The orc priest hits you with a +0 mace.
* * * LOW HITPOINT WARNING * * *
You miss the orc priest.
You feel less confused. The orc priest hits you with a +0 mace.
* * * LOW HITPOINT WARNING * * *
The orc priest hits you with a +0 mace.
You die...

##^# #.#.#.##.######........
...
...###.#.#.##.##.......###.#
####
#......†......##.###†#.#
.....#.†...##.##.###.#.#
#.##...#.#.#.......<.# .
#.####.#.#.##.##.##..#####
.......#.#.# .##{........#
#.####.#.... #o##.#.##.# #.#
#.#.#.# #@##.#)# #.#
#.#.#.##....##.#.# #.# #.###
#.##.##.#.# #.####.# #
#.##.... #......# .....#.#
######## ######.# #.#


You could see an orc priest.

Vanquished Creatures
  An ogre (D:3)
  3 adders (D:3)
  4 worms
  A dart slug (D:1)
  2 orcs (D:3)
  3 giant cockroaches
  2 goblins
  6 hobgoblins
  4 jackals (D:1)
  A quokka (D:3)
  3 bats
  2 frilled lizards (D:3)
  14 rats (D:1)
46 creatures vanquished.

Notes
Turn   | Place    | Note
-------+----------+-------------------------------------------
     0 | D:1      | Ultrapingouin the Gargoyle Fighter began the quest for the
                  | Orb.
     0 | D:1      | Reached XP level 1. HP: 14/14 MP: 1/1
    42 | D:1      | Reached XP level 2. HP: 16/19 MP: 2/2
   432 | D:1      | Reached XP level 3. HP: 23/23 MP: 3/3
  1279 | D:3      | Noticed an ogre
  1285 | D:3      | HP: 1/24 [ogre/+0 giant spiked club (23)]
  1294 | D:3      | Killed an ogre
  1294 | D:3      | Reached XP level 4. HP: 2/29 MP: 4/4
  1294 | D:3      | Reached XP level 5. HP: 2/33 MP: 5/5
  1393 | D:3      | Reached skill level 1 in Dodging
  1674 | D:3      | Slain by an orc priest

Skill      XL: |  1  2  3  4  5 |
---------------+----------------+-----
Fighting       | 4 |  4.0
Maces & Flails | 3 |  3.6
Armour         | 4 |  4.1
Shields        | 4 |  4.0
Dodging        | 1 |  1.1
Stealth        | |  0.1

Action                   |  1- 3 |  4- 6 || total
-------------------------+-------+-------++-------
Melee: Flail             |    52 |       ||    52
       Mace              |    90 |    59 ||   149
  Use: Scroll            |       |     1 ||     1
  Eat: Ration            |     1 |       ||     1
Armor: Scale mail        |   109 |     5 ||   114
       Ring mail         |       |    17 ||    17
Dodge: Dodged            |    59 |    16 ||    75
Block: Shield            |    99 |    27 ||   126
